 Dungeon Crawl Stone Soup version 0.28.0-53-g5a82cb258f (webtiles) character file.

Game seed: 2444765249890244887

112533 DearestLeader the Cleaver (level 16, -1/125 HPs)
             Began as a Gnoll Wanderer on June 7, 2022.
             Was the Champion of Okawaru.
             Slain by an ettin
             ... wielding a +0 dire flail
              (11 damage)
             ... on level 15 of the Dungeon.
             The game lasted 01:12:40 (35873 turns).

DearestLeader the Cleaver (Gnoll Wanderer)         Turns: 35873, Time: 01:12:41

Health: -1/125     AC: 24    Str: 26    XL:     16   Next: 60%
Magic:  31/31      EV: 14    Int:  9    God:    Okawaru [******]
Gold:   1440       SH: 17    Dex: 14    Spells: 23/37 levels left

rFire   + . .      SeeInvis +   Q - +10 long sword of Bionasug {vamp, rElec SInv}
rCold   . . .      Faith    .   f - +0 kite shield
rNeg    . . .      Spirit   .   g - +4 scale mail of Limited Liability {rF+}
rPois   +          Reflect  +   F - +2 helmet
rElec   +          Harm     .   t - +2 cloak {rPois}
rCorr   .          Rampage  .   m - +1 pair of gloves
Will    +....                   h - +0 pair of boots
Stlth   +++.......              k - amulet of reflection
HPRegen 0.30/turn               e - +6 ring of strength
MPRegen 0.22/turn               s - ring of flight

@: flying
A: fangs 1, strong nose, distributed training
a: Renounce Religion, Heroism, Finesse, Duel


You were on level 15 of the Dungeon.
You worshipped Okawaru.
Okawaru was exalted by your worship.
You visited 4 branches of the dungeon, and saw 24 of its levels.
You visited the Abyss 1 time.
You also visited: Volcano.

You collected 2358 gold pieces.
You spent 918 gold pieces at shops.

Inventory:

Hand Weapons
 B - a +4 demon trident of draining
 C - the +5 hunting sling of Recklessness {venom, rC+}
   (You found it on level 11 of the Dungeon)

   Any ammunition fired from it poisons the flesh of those it strikes.
   rC:        It protects you from cold.
 J - a +2 broad axe of flaming
 Q - the +10 long sword of Bionasug (weapon) {vamp, rElec SInv}
   (You found it on level 6 of the Lair of Beasts)

   It occasionally heals its wielder for a portion of the damage dealt when it
   wounds a living foe.
   rElec:     It insulates you from electricity.
   SInv:      It lets you see invisible.
Missiles
 w - 18 poisoned darts (quivered)
 D - 59 sling bullets
 Z - 3 javelins
Armour
 a - +1 acid dragon scales
 d - a +0 tower shield
 f - a +0 kite shield (worn)
 g - the +4 scale mail of Limited Liability (worn) {rF+}
   (You bought it in a shop on level 10 of the Dungeon)

   rF:        It protects you from fire.
 h - a +0 pair of boots (worn)
 l - a +1 plate armour of cold resistance
 m - a +1 pair of gloves (worn)
 t - a +2 cloak of poison resistance (worn)
 F - a +2 helmet (worn)
Jewellery
 e - a +6 ring of strength (left hand)
 k - an amulet of reflection (around neck)
 s - a ring of flight (right hand)
 u - a ring of wizardry
 I - an amulet of regeneration
 U - a +6 ring of dexterity
Wands
 v - a wand of polymorph (13)
 y - a wand of paralysis (12)
 H - a wand of flame (22)
 L - a wand of mindburst (5)
 O - a wand of iceblast (16)
 T - a wand of acid (1)
 Y - a wand of digging (4)
Scrolls
 b - 5 scrolls of blinking
 c - a scroll of identify
 i - 2 scrolls of magic mapping
 n - 12 scrolls of teleportation
 r - 4 scrolls of fog
 x - 2 scrolls of amnesia
 M - 2 scrolls of brand weapon
 V - 2 scrolls of enchant armour
Potions
 j - a potion of heal wounds
 o - 3 potions of haste
 p - 3 potions of flight
 q - a potion of cancellation
 z - 3 potions of brilliance
 A - 4 potions of mutation
 E - 2 potions of invisibility {unknown}
 G - 2 potions of might
 K - 3 potions of lignification
 N - 2 potions of curing
 P - a potion of ambrosia
 S - 4 potions of resistance
 W - 2 potions of attraction {unknown}
Miscellaneous
 R - a piece from Xom's chessboard (15/15)


   Skills:
 + Level 11.0 Fighting
 + Level 11.0 Short Blades
 + Level 11.9 Long Blades
 + Level 14.8 Axes
 + Level 11.0 Maces & Flails
 + Level 11.0 Polearms
 + Level 11.0 Staves
 + Level 11.0 Slings
 + Level 11.0 Bows
 + Level 11.0 Crossbows
 + Level 11.0 Throwing
 + Level 11.0 Armour
 + Level 11.0 Dodging
 + Level 11.0 Stealth
 + Level 11.9 Shields
 + Level 11.0 Unarmed Combat
 + Level 11.0 Spellcasting
 + Level 9.3 Conjurations
 + Level 9.3 Hexes
 + Level 9.3 Summonings
 + Level 9.3 Necromancy
 + Level 9.3 Translocations
 + Level 9.3 Transmutations
 + Level 9.3 Fire Magic
 + Level 9.3 Ice Magic
 + Level 9.3 Air Magic
 + Level 9.3 Earth Magic
 + Level 9.3 Poison Magic
 + Level 12.0 Invocations
 + Level 11.3 Evocations


You had 23 spell levels left.
You knew the following spells:

 Your Spells              Type           Power      Damage    Failure   Level
a - Blink                 Tloc           42%        N/A       1%          2
b - Confusing Touch       Hex            21%        N/A       3%          3
c - Fulminant Prism       Conj/Hex       10%        3d9       11%         4
d - Manifold Assault      Tloc           21%        N/A       30%         5

Your spell library contained the following spells:

 Spells                   Type           Power      Damage    Failure   Level
 Apportation              Tloc           42%        N/A       1%          1
 Beastly Appendage        Tmut           42%        N/A       1%          1
 Magic Dart               Conj           84%        1d7       1%          1
 Slow                     Hex            84%        N/A       1%          1
 Corpse Rot               Necr/Air       42%        N/A       1%          2
 Poisonous Vapours        Pois/Air       42%        N/A       1%          2
 Searing Ray              Conj           42%        2d6       1%          2
 Wereblood                Tmut           21%        N/A       1%          2
 Dazzling Flash           Conj/Hex       42%        N/A       3%          3
 Gell's Gravitas          Tloc           21%        N/A       3%          3
 Lesser Beckoning         Tloc           21%        N/A       3%          3
 Spider Form              Tmut/Pois      21%        N/A       3%          3
 Teleport Other           Tloc           21%        N/A       3%          3
 Vampiric Draining        Necr           21%        2d7       3%          3
 Passage of Golubria      Tloc           21%        N/A       11%         4
 Iskenderun's Battlesphe  Conj           21%        2d7       30%         5
 Silence                  Hex/Air        10%        N/A       30%         5
 Dispersal                Tloc           10%        N/A       86%         6
 Eringya's Noxious Bog    Tmut/Pois      10%        N/A       86%         6
 Lehudib's Crystal Spear  Conj/Erth      10%        10d4      100%        8
 Animate Skeleton         Necr           Unusable   N/A       N/A         1
 Summon Small Mammal      Summ           Unusable   N/A       N/A         1
 Summon Forest            Summ/Tloc      Unusable   N/A       N/A         5
 Summon Hydra             Summ           Unusable   N/A       N/A         7

Dungeon Overview and Level Annotations

Branches:
Dungeon (15/15)            Temple (1/1) D:6            Lair (6/6) D:11
 Shoals (0/4) Lair:2        Snake (0/4) Lair:2        Slime (0/5) Lair:5
    Orc (2/2) D:9             Elf (0/3) Orc:2        Vaults (0/5) D:14
Volcano (visited)
 Depths: D:15

Altars:
Ashenzari
Dithmenos
Elyvilon
Hepliaklqana
Kikubaaqudgha
Nemelex Xobeh
Okawaru
Ru
Sif Muna
Trog
Uskayaw
Vehumet
Wu Jian
Xom
The Shining One
Beogh
Jiyva

Shops:
D:3 (   D:10 [   D:14 *   Orc:1 (   Orc:2 *??:

Portals:
Trove: D:13 (give 5 potions of resistance)

Annotations:
D:11 2 transporters, kalagan's ghost, journeyman DECj


Innate Abilities, Weirdness & Mutations

You have very sharp teeth.
Your uncanny sense of smell can sniff out nearby items.
Your experience applies equally to all skills.


Message History

Okawaru accepts your kill.
The bolt of acid hits the ettin!
The ettin is moderately wounded.
The yaktaur wields a +0 arbalest.
The yaktaur shoots a bolt.
You reflect the bolt off an invisible shield around you!
The bolt hits the yaktaur!!
Aiming: Corrosive Bolt
Press: ? - help, Shift-Dir - straight line, f - yaktaur
Aim: a yaktaur, wielding a +0 arbalest and quivering bolts (heavily wounded, 95% to hit)
The bolt of acid hits the ettin!!
The ettin is heavily wounded.
The bolt of acid hits the yaktaur!!
You kill the yaktaur!
Okawaru accepts your kill.
The bolt of acid hits the yaktaur!
The yaktaur is almost dead.
You barely miss the ettin. Your bite misses the ettin.
The ettin is heavily wounded.
You block the ettin's attack. x2
There are monsters nearby!
You slash the ettin!
You feel better.
The ettin is severely wounded.
The ettin misses you. The ettin hits you but does no damage.
You hit the ettin but do no damage.
The ettin is severely wounded.
The ettin hits you with a +0 dire flail!
You block the ettin's attack.
You hit the ettin.
You feel better.
You bite the ettin, but do no damage.
The ettin is severely wounded.
You slash the ettin!
You feel better.
Your bite misses the ettin.
The ettin is almost dead.
The ettin barely misses you.
The ettin hits you with a +0 dire flail!
* * * LOW HITPOINT WARNING * * *
You barely miss the ettin.
The ettin is severely wounded.
The ettin hits you with a +0 dire flail!!
* * * LOW HITPOINT WARNING * * *
The ettin hits you with a +0 dire flail!
You die...

..#.##cC## #...##.........#
#.....c.####...##..........
#..##..)...................
.......^...............#..##
##........))...........#..##
#..####.##)#...#..###.##.##
#..# #.##c#...#...........
#... ..##C#...#.#######.##
#.# #####@#...#.# #.# #.#
#.....#.# #.## ###.#####
#.......# #.##
######.......###.#...###
##.## .........###.#.......#
#...# ######.#####.#.#.###.#
#.#.. #.# .........##.#
#...#
#.##.##.#.#.....############
#.......#.#.##......... #


You could see an ettin and a yaktaur.

Vanquished Creatures
  2 orc warlords
  Nessos (Lair:6)
  A red draconian (Volcano)
  2 boulder beetles
  18 hydras
  3 vault guards (D:14)
  An anaconda (Lair:5)
  4 centaur warriors
  2 catoblepae
  A merfolk avatar (Lair:6)
  An ogre mage (Volcano)
  2 tengu warriors (D:15)
  A death knight (D:13)
  5 death yaks
  10 two-headed ogres
  4 orc high priests (Orc:2)
  Sonja (Lair:2)
  Urug (Lair:2)
  Nergalle (D:12)
  A fire crab (Lair:5)
  A deep troll (D:15)
  A sea snake (Lair:6)
  7 orc knights
  A wizard (D:15)
  4 harpies (Lair:6)
  An anaconda skeleton (Abyss:2)
  2 deep elf pyromancers
  2 ugly things (D:13)
  3 oklob plants
  5 orc sorcerers (Orc:2)
  6 manticores
  4 cyclopes
  Joseph (D:8)
  11 elephants
  14 black mambas
  An apocalypse crab (Abyss:2)
  3 gargoyles
  9 cane toads
  2 torpor snails (Lair:5)
  A molten gargoyle (Volcano)
  An unseen horror (D:11)
  Maggie (D:9)
  4 rime drakes
  An efreet (D:15)
  4 yaktaurs
  2 tengu conjurers (D:14)
  6 komodo dragons
  5 trolls
  A wind drake (Lair:5)
  2 hornets
  9 polar bears
  A queen bee (Lair:1)
  Prince Ribbit (D:9)
  43 blink frogs
  9 slime creatures
  A snapping turtle (Lair:2)
  A shadow (D:12)
  A wraith (D:12)
  7 basilisks
  3 vampires
  4 wyverns
  42 yaks
  A human (D:14)
  2 fire bats (Volcano)
  4 steam dragons
  4 wargs (Orc:2)
  A vampire mosquito (D:13)
  2 acid dragons
  2 hell hounds (Lair:5)
  29 water moccasins
  A black bear (Lair:5)
  An ice beast (D:7)
  A hornet zombie (D:6)
  58 orc warriors
  A sky beast (D:5)
  14 ogres
  9 wolves
  A necrophage (D:7)
  28 centaurs
  14 bullfrogs
  A gnoll sergeant (D:5)
  4 scorpions
  A wyvern zombie (D:7)
  A wyvern skeleton (D:6)
  A water moccasin skeleton (D:4)
  27 killer bees
  2 electric eels (Lair:2)
  A howler monkey (D:11)
  3 wights (D:8)
  5 crimson imps (D:9)
  3 centaur zombies
  5 lava snakes (Volcano)
  A bullfrog zombie (D:6)
  2 hounds
  2 jellies
  2 bullfrog skeletons
  37 orc priests
  Crazy Yiuf (D:7)
  A gnoll shaman (D:8)
  A centaur skeleton (D:5)
  5 iguanas
  Jessica (D:3)
  4 hell rats (Lair:1)
  21 orc wizards
  Ijyb (D:5)
  3 howler monkey zombies
  6 adders
  5 gnolls
  A shadow imp (D:8)
  4 white imps (D:9)
  3 ufetubi
  An adder skeleton (D:4)
  A worm (D:2)
  A dart slug (D:4)
  94 orcs
  8 endoplasms
  6 giant cockroaches
  9 goblins
  6 hobgoblins
  3 jackals (D:3)
  4 quokkas
  9 ball pythons
  3 bats
  2 frilled lizards
  6 kobolds
  4 rats
775 creatures vanquished.

Vanquished Creatures (others)
  A gnoll (D:8)
  17 fulminant prisms
  39 fungi
  84 plants
141 creatures vanquished.

Grand Total: 916 creatures vanquished

Notes
Turn   | Place    | Note
-------+----------+-------------------------------------------
     0 | D:1      | Reached skill level 10 in Axes
     0 | D:1      | DearestLeader the Gnoll Wanderer began the quest for the
                  | Orb.
     0 | D:1      | DearestLeader set off with the following items: a +2 hand
                  | axe, a +0 falchion, a +0 buckler, a +0 leather armour
     0 | D:1      | Reached XP level 1. HP: 13/13 MP: 1/1
   494 | D:1      | Reached XP level 2. HP: 18/19 MP: 2/2
  1231 | D:2      | Reached XP level 3. HP: 25/25 MP: 2/4
  1404 | D:2      | Reached skill level 1 in Invocations
  1487 | D:2      | Reached skill level 1 in Fighting
  1487 | D:2      | Reached skill level 1 in Short Blades
  1487 | D:2      | Reached skill level 1 in Maces & Flails
  1487 | D:2      | Reached skill level 1 in Polearms
  1487 | D:2      | Reached skill level 1 in Staves
  1487 | D:2      | Reached skill level 1 in Slings
  1487 | D:2      | Reached skill level 1 in Bows
  1487 | D:2      | Reached skill level 1 in Crossbows
  1487 | D:2      | Reached skill level 1 in Throwing
  1487 | D:2      | Reached skill level 1 in Armour
  1487 | D:2      | Reached skill level 1 in Dodging
  1487 | D:2      | Reached skill level 1 in Stealth
  1487 | D:2      | Reached skill level 1 in Unarmed Combat
  1487 | D:2      | Reached skill level 1 in Spellcasting
  1489 | D:2      | Reached XP level 4. HP: 20/32 MP: 5/5
  2038 | D:2      | Found a faded altar of an unknown god.
  2201 | D:3      | Noticed Jessica
  2207 | D:3      | Killed Jessica
  2208 | D:3      | Reached skill level 1 in Conjurations
  2208 | D:3      | Reached skill level 1 in Hexes
  2208 | D:3      | Reached skill level 1 in Summonings
  2208 | D:3      | Reached skill level 1 in Necromancy
  2208 | D:3      | Reached skill level 1 in Translocations
  2208 | D:3      | Reached skill level 1 in Transmutations
  2208 | D:3      | Reached skill level 1 in Fire Magic
  2208 | D:3      | Reached skill level 1 in Ice Magic
  2208 | D:3      | Reached skill level 1 in Air Magic
  2208 | D:3      | Reached skill level 1 in Earth Magic
  2208 | D:3      | Reached skill level 1 in Poison Magic
  2684 | D:3      | Found Neigeheo's Antique Weapon Emporium.
  2821 | D:3      | Reached XP level 5. HP: 37/37 MP: 6/6
  2842 | D:3      | Identified the +8 dagger of Freehold {drain, rF+ Str+2}
  3170 | D:4      | Found a shimmering blue altar of Sif Muna.
  3181 | D:4      | Reached XP level 6. HP: 39/44 MP: 8/8
  3197 | D:4      | Reached skill level 5 in Long Blades
  3197 | D:4      | Reached skill level 5 in Shields
  3772 | D:4      | HP: 2/44 [poisoned by a scorpion]
  3779 | D:4      | Reached XP level 7. HP: 10/50 MP: 10/10
  4167 | D:5      | Entered Level 5 of the Dungeon
  4640 | D:5      | Noticed Ijyb
  4645 | D:5      | Killed Ijyb
  5010 | D:5      | Reached XP level 8. HP: 23/57 MP: 12/12
  5208 | D:3      | Bought a glowing demon trident for 450 gold pieces
  5372 | D:6      | Noticed a yak
  5377 | D:6      | Noticed a yak
  5391 | D:5      | Killed a yak
  5424 | D:6      | Noticed a yak
  5425 | D:6      | Noticed a yak
  5429 | D:6      | Noticed a yak
  5450 | D:5      | Killed a yak
  5451 | D:5      | Reached skill level 11 in Axes
  5457 | D:5      | Killed a yak
  5684 | D:5      | Killed a yak
  5933 | D:6      | Killed a yak
  5934 | D:6      | Reached XP level 9. HP: 54/65 MP: 14/14
  6107 | D:6      | Found a staircase to the Ecumenical Temple.
  6116 | Temple   | Entered the Ecumenical Temple
  6163 | Temple   | Became a worshipper of Warmaster Okawaru
  7165 | D:7      | Reached skill level 5 in Evocations
  7721 | D:7      | Reached skill level 5 in Invocations
  7737 | D:7      | Reached * piety under Okawaru
  8382 | D:7      | Found a runed translucent door.
  8383 | D:7      | Noticed Crazy Yiuf
  8392 | D:7      | Killed Crazy Yiuf
  8504 | D:8      | Reached XP level 10. HP: 33/73 MP: 17/17
  8725 | D:8      | Noticed Joseph
  8755 | D:8      | Killed Joseph
  8756 | D:8      | Reached skill level 5 in Fighting
  8756 | D:8      | Reached skill level 5 in Short Blades
  8756 | D:8      | Reached skill level 5 in Maces & Flails
  8756 | D:8      | Reached skill level 5 in Polearms
  8756 | D:8      | Reached skill level 5 in Staves
  8756 | D:8      | Reached skill level 5 in Slings
  8756 | D:8      | Reached skill level 5 in Bows
  8756 | D:8      | Reached skill level 5 in Crossbows
  8756 | D:8      | Reached skill level 5 in Throwing
  8756 | D:8      | Reached skill level 5 in Armour
  8756 | D:8      | Reached skill level 5 in Dodging
  8756 | D:8      | Reached skill level 5 in Stealth
  8756 | D:8      | Reached skill level 5 in Unarmed Combat
  8756 | D:8      | Reached skill level 5 in Spellcasting
  9070 | D:8      | You are sucked into a shaft and drop 2 floors!
  9070 | D:10     | Entered Level 10 of the Dungeon
  9319 | D:8      | Reached ** piety under Okawaru
  9561 | D:9      | Found a staircase to the Orcish Mines.
 10284 | D:9      | Noticed Maggie
 10298 | D:9      | Killed Maggie
 10409 | D:9      | Noticed a manticore
 10780 | D:9      | Noticed Prince Ribbit
 10789 | D:9      | Killed Prince Ribbit
 10840 | D:9      | Killed a manticore
 10840 | D:9      | Reached *** piety under Okawaru
 11684 | D:10     | Reached XP level 11. HP: 78/81 MP: 19/19
 11772 | D:10     | Found Xihe Kaz's Antique Armour Shop.
 11783 | D:10     | Noticed a two-headed ogre
 11794 | D:10     | Killed a two-headed ogre
 11794 | D:10     | Reached **** piety under Okawaru
 11795 | D:10     | Reached skill level 12 in Axes
 11828 | D:10     | Reached skill level 5 in Conjurations
 11828 | D:10     | Reached skill level 5 in Hexes
 11828 | D:10     | Reached skill level 5 in Summonings
 11828 | D:10     | Reached skill level 5 in Necromancy
 11828 | D:10     | Reached skill level 5 in Translocations
 11828 | D:10     | Reached skill level 5 in Transmutations
 11828 | D:10     | Reached skill level 5 in Fire Magic
 11828 | D:10     | Reached skill level 5 in Ice Magic
 11828 | D:10     | Reached skill level 5 in Air Magic
 11828 | D:10     | Reached skill level 5 in Earth Magic
 11828 | D:10     | Reached skill level 5 in Poison Magic
 11838 | D:10     | Bought a transparent scale mail for 252 gold pieces
 11838 | D:10     | Identified the +4 scale mail of Limited Liability {rF+}
                  | (You bought it in a shop on level 10 of the Dungeon)
 12111 | D:10     | Learned a level 2 spell: Blink
 12389 | D:11     | Reached ***** piety under Okawaru
 12447 | D:11     | Noticed a two-headed ogre
 12466 | D:11     | Killed a two-headed ogre
 12466 | D:11     | Received a gift from Okawaru
 12563 | D:11     | Identified the +5 hunting sling of Recklessness {venom,
                  | rC+}
 12587 | D:11     | Noticed a deep troll
 12588 | D:11     | Noticed a two-headed ogre
 12589 | D:11     | Noticed kalagan's ghost (journeyman DECj)
 12589 | D:11     | Noticed a two-headed ogre
 12590 | D:11     | Found a bloodstained altar of Trog.
 12590 | D:11     | Noticed a two-headed ogre
 12680 | D:11     | Noticed an oklob plant
 12692 | D:11     | Killed an oklob plant
 12697 | D:11     | Found a staircase to the Lair.
 12697 | D:11     | Noticed an oklob plant
 12717 | D:11     | Killed an oklob plant
 12717 | D:11     | Received a gift from Okawaru
 12767 | D:11     | Found a transporter.
 12769 | D:11     | Found a transporter.
 12774 | D:11     | Noticed a moth of wrath
 12869 | D:11     | Noticed a two-headed ogre
 12878 | D:11     | Noticed a two-headed ogre
 12891 | D:11     | Killed a two-headed ogre
 12920 | D:11     | Noticed a two-headed ogre
 12932 | D:11     | Killed a two-headed ogre
 13185 | D:11     | Identified the +0 pair of gloves of Tung {rPois rF- rN+++
                  | Dex-5} (Okawaru gifted it to you on level 11 of the
                  | Dungeon)
 13185 | D:11     | Received a gift from Okawaru
 13186 | D:11     | Noticed a manticore
 13202 | D:11     | Killed a manticore
 13732 | Lair:1   | Entered Level 1 of the Lair of Beasts
 13842 | Lair:1   | Reached XP level 12. HP: 87/89 MP: 22/22
 14856 | Lair:1   | Noticed a four-headed hydra
 14868 | Lair:1   | Killed a four-headed hydra
 15049 | Lair:1   | You are sucked into a shaft and drop 1 floor!
 15798 | Lair:1   | Noticed a catoblepas
 15816 | Lair:1   | Killed a catoblepas
 16044 | Lair:2   | Received a gift from Okawaru
 16094 | Lair:2   | Noticed a seven-headed hydra
 16122 | Lair:2   | Killed a seven-headed hydra
 16122 | Lair:2   | Received a gift from Okawaru
 16227 | Lair:2   | Reached ****** piety under Okawaru
 16611 | Lair:2   | Received a gift from Okawaru
 16621 | Lair:2   | Reached XP level 13. HP: 75/98 MP: 24/24
 16788 | Lair:2   | Reached skill level 13 in Axes
 16945 | Lair:2   | Noticed Sonja
 16953 | Lair:2   | Cast into level 2 of the Abyss (Sonja)
 17044 | Lair:2   | Escaped the Abyss
 17056 | Lair:2   | Killed Sonja
 17690 | Lair:2   | Found a staircase to the Snake Pit.
 17870 | Lair:2   | Found a staircase to the Shoals.
 18504 | Lair:2   | Received a gift from Okawaru
 18879 | Lair:3   | Received a gift from Okawaru
 18897 | Lair:3   | Learned a level 3 spell: Confusing Touch
 19386 | Lair:3   | Identified the +0 plate armour of Hogomoka {Rampage rC-
                  | Int+2}
 19386 | Lair:3   | Noticed Urug
 19424 | Lair:2   | Killed Urug
 21034 | Lair:4   | Identified the +8 arbalest "Lucveg" {venom, rC- Will++
                  | rCorr} (Okawaru gifted it to you on level 4 of the Lair of
                  | Beasts)
 21034 | Lair:4   | Received a gift from Okawaru
 21313 | Lair:5   | Reached skill level 10 in Long Blades
 21313 | Lair:5   | Reached skill level 10 in Shields
 21320 | Lair:5   | Reached XP level 14. HP: 88/106 MP: 26/26
 21419 | Lair:5   | Found a dark tunnel.
 21433 | Volcano  | Entered a volcano
 21975 | Volcano  | Found a bloodstained altar of Trog.
 22476 | Volcano  | Noticed a red draconian
 22492 | Volcano  | Killed a red draconian
 22736 | Lair:5   | Received a gift from Okawaru
 22737 | Lair:5   | Reached skill level 10 in Invocations
 23933 | Lair:5   | Found a staircase to the Slime Pits.
 23933 | Lair:5   | Found a viscous altar of Jiyva.
 24151 | Lair:5   | Identified the +0 robe "Kiam" {rN+} (Okawaru gifted it to
                  | you on level 5 of the Lair of Beasts)
 24151 | Lair:5   | Received a gift from Okawaru
 24861 | Lair:5   | Found the +9 heavy crossbow "Sniper" {vorpal, Acc+∞ SInv}
 24891 | Lair:5   | HP: 5/108 [komodo dragon (16)]
 25276 | Lair:6   | Entered Level 6 of the Lair of Beasts
 25705 | Lair:6   | Reached skill level 10 in Evocations
 26070 | Lair:6   | Reached skill level 14 in Axes
 26121 | Lair:6   | Reached XP level 15. HP: 115/115 MP: 28/28
 26785 | Lair:6   | Received a gift from Okawaru
 26858 | Lair:6   | Reached skill level 10 in Fighting
 26858 | Lair:6   | Reached skill level 10 in Short Blades
 26858 | Lair:6   | Reached skill level 10 in Maces & Flails
 26858 | Lair:6   | Reached skill level 10 in Polearms
 26858 | Lair:6   | Reached skill level 10 in Staves
 26858 | Lair:6   | Reached skill level 10 in Slings
 26858 | Lair:6   | Reached skill level 10 in Bows
 26858 | Lair:6   | Reached skill level 10 in Crossbows
 26858 | Lair:6   | Reached skill level 10 in Throwing
 26858 | Lair:6   | Reached skill level 10 in Armour
 26858 | Lair:6   | Reached skill level 10 in Dodging
 26858 | Lair:6   | Reached skill level 10 in Stealth
 26858 | Lair:6   | Reached skill level 10 in Unarmed Combat
 26858 | Lair:6   | Reached skill level 10 in Spellcasting
 26913 | Lair:6   | Identified the +10 long sword of Bionasug {vamp, rElec
                  | SInv}
 26936 | Lair:6   | Noticed Nessos
 26953 | Lair:6   | Killed Nessos
 27457 | Lair:6   | Identified the +2 rapier of Lorezxus {flame, *Corrode rC+
                  | MP+9 Int+6}
 27791 | Orc:1    | Entered Level 1 of the Orcish Mines
 27968 | D:9      | Learned a level 4 spell: Fulminant Prism
 28331 | Orc:1    | Found a shimmering altar of Xom.
 28368 | Orc:1    | Found Semudwiqu's Antique Weapon Shop.
 28685 | Orc:2    | Entered Level 2 of the Orcish Mines
 29150 | Orc:2    | Received a gift from Okawaru
 29444 | Orc:2    | Noticed an orc warlord
 29453 | Arena    | Entered the Arena
 29477 | Arena    | Killed an orc warlord
 29657 | Orc:2    | Found Vona Car's Magic Scroll Emporium.
 29711 | Orc:2    | Bought a scroll of teleportation for 39 gold pieces
 29711 | Orc:2    | Bought a scroll of teleportation for 39 gold pieces
 29716 | Orc:2    | Found Jytuaw's Assorted Antiques.
 29747 | Orc:2    | Bought a potion of curing for 69 gold pieces
 29747 | Orc:2    | Bought a scroll of teleportation for 69 gold pieces
 29846 | Orc:2    | Paralysed by an orc sorcerer for 5 turns
 30256 | Orc:2    | Paralysed by an orc sorcerer for 7 turns
 30464 | Orc:2    | Got Yfef Viu's Guide on Excruciating Feathers
 30545 | Orc:2    | Found a staircase to the Elven Halls.
 30703 | Orc:2    | Noticed an orc warlord
 30732 | Orc:2    | Killed an orc warlord
 30822 | Orc:2    | Found Ryuviut's Book Emporium.
 31203 | Orc:2    | Found Fere's Magic Scroll Boutique.
 31837 | D:12     | Reached XP level 16. HP: 123/123 MP: 30/30
 31907 | D:12     | Noticed Nergalle
 31926 | D:12     | Killed Nergalle
 32864 | D:13     | Found a portal to a secret trove of treasure.
 33197 | D:12     | Learned a level 5 spell: Manifold Assault
 33307 | D:13     | Identified the +4 broad axe of the Oracle {drain, rF+}
                  | (Okawaru gifted it to you on level 13 of the Dungeon)
 33307 | D:13     | Received a gift from Okawaru
 34653 | D:14     | Found a gate to the Vaults.
 34912 | D:14     | Found Nomoneg's Mass Market.
 35337 | D:15     | Entered Level 15 of the Dungeon
 35863 | D:15     | Received a gift from Okawaru
 35873 | D:15     | Slain by an ettin

Illustrated notes

Levels and vault maps discovered:
D:1:      psy_arrival_whirlpool, layout_basic, minmay_parallelograms,
          amcnicky_mini_rare_corridor_liquid, serial_bayou_lagoon_b
D:2:      layout_basic, shapermc_ecumenical_altar_petra
D:3:      layout_loops_ring, serial_shops, nicolae_shop_waterfront,
          chequers_serial_rivers_small_a, kennysheep_generic_room_12,
          uniq_jessica
D:4:      layout_basic, mainiacjoe_overflow_brackets, st_stairs_9,
          hangedman_decor_opposing, minmay_goblin_kobold_house
D:5:      layout_basic, uniq_ijyb
D:6:      layout_cave_pools, minmay_temple_entry_mist
D:7:      layout_rooms, amethyst_killhole, uniq_crazy_yiuf_cottage
D:8:      layout_rooms, kennysheep_generic_room_2, uniq_joseph
D:9:      layout_stronghold, orc_0_dummy, st_stairs_13, minmay_nine_imps,
          uniq_prince_ribbit1, uniq_maggie
D:10:     layout_roguey, serial_shops,
          nicolae_shop_temple_entry_statues_fountains
D:11:     layout_basic, dpeg_oklobed_lair, gammafunk_ghost_wrathful_warriors,
          hangedman_decor_peaks_small
D:12:     layout_gridville, uniq_nergalle
D:13:     layout_cave_pools, special_room [special_room_orc],
          trove_entry_hex_spiral, st_stairs_11
D:14:     layout_gridville, grunt_vaults_entry_fortified, minmay_shop_mass,
          hive_lemuel
D:15:     hangedman_depths_entry_civil_slaughter, layout_loops_cross,
          chequers_serial_rivers_micro_d
Temple:   kilobyte_greek_temple
Lair:1:   layout_hall_layers, special_room [special_room_bee],
          chequers_serial_rivers_micro_e, hangedman_lair_generics_rect
Lair:2:   layout_loops_ring, minmay_shoals_entry_hut,
          minmay_snake_entry_six_corridors, infiniplex_staircase_pool,
          uniq_sonja
Lair:3:   layout_misc_corridors, serial_bayou_shore_b, uniq_urug
Lair:4:   layout_misc_corridors, grunt_megastairs_4
Lair:5:   layout_regular_city, slime_altar_1, enter_volcano_3,
          nicolae_lair_lakeside_cave
Lair:6:   gammafunk_lair_ancient_temple, layout_cave_shapes,
          serial_bayou_pond_d, uniq_nessos
Orc:1:    layout_caves, basic_altar, serial_shops, nicolae_shop_hallway_plus
Orc:2:    pubby_orc_utopia, serial_shops

Skill      XL: |  1  2  3  4  5  6  7  8  9 10 11 12 13 14 15 16 |
---------------+-------------------------------------------------+-----
Axes           | 11 12 13 14 | 14.8
Invocations    | 1 2 3 4 5 6 7 8 9 10 11 12 | 12.0
Fighting       | 1 2 3 4 5 6 7 8 9 10 11 | 11.0
Short Blades   | 1 2 3 4 5 6 7 8 9 10 11 | 11.0
Maces & Flails | 1 2 3 4 5 6 7 8 9 10 11 | 11.0
Polearms       | 1 2 3 4 5 6 7 8 9 10 11 | 11.0
Staves         | 1 2 3 4 5 6 7 8 9 10 11 | 11.0
Slings         | 1 2 3 4 5 6 7 8 9 10 11 | 11.0
Bows           | 1 2 3 4 5 6 7 8 9 10 11 | 11.0
Crossbows      | 1 2 3 4 5 6 7 8 9 10 11 | 11.0
Throwing       | 1 2 3 4 5 6 7 8 9 10 11 | 11.0
Armour         | 1 2 3 4 5 6 7 8 9 10 11 | 11.0
Dodging        | 1 2 3 4 5 6 7 8 9 10 11 | 11.0
Stealth        | 1 2 3 4 5 6 7 8 9 10 11 | 11.0
Unarmed Combat | 1 2 3 4 5 6 7 8 9 10 11 | 11.0
Spellcasting   | 1 2 3 4 5 6 7 8 9 10 11 | 11.0
Conjurations   | 1 2 3 4 5 6 7 8 9 |  9.3
Hexes          | 1 2 3 4 5 6 7 8 9 |  9.3
Summonings     | 1 2 3 4 5 6 7 8 9 |  9.3
Necromancy     | 1 2 3 4 5 6 7 8 9 |  9.3
Translocations | 1 2 3 4 5 6 7 8 9 |  9.3
Transmutations | 1 2 3 4 5 6 7 8 9 |  9.3
Fire Magic     | 1 2 3 4 5 6 7 8 9 |  9.3
Ice Magic      | 1 2 3 4 5 6 7 8 9 |  9.3
Air Magic      | 1 2 3 4 5 6 7 8 9 |  9.3
Earth Magic    | 1 2 3 4 5 6 7 8 9 |  9.3
Poison Magic   | 1 2 3 4 5 6 7 8 9 |  9.3
Evocations     | 3 4 5 6 7 8 9 10 11 | 11.3
Long Blades    | 5 6 7 8 9 10 11 | 11.9
Shields        | 5 6 7 8 9 10 11 | 11.9

Action                   |  1- 3 |  4- 6 |  7- 9 | 10-12 | 13-15 | 16-18 || total
-------------------------+-------+-------+-------+-------+-------+-------++-------
Melee: Hand axe          |    75 |    53 |       |       |       |       ||   128
       Bite              |     4 |    12 |    29 |    84 |   227 |    56 ||   412
       Dagger            |       |    92 |    45 |       |       |       ||   137
       Demon trident     |       |       |   194 |   746 |   992 |       ||  1932
       Quick blade       |       |       |       |       |     9 |       ||     9
       Broad axe         |       |       |       |       |     6 |    19 ||    25
       Long sword        |       |       |       |       |   699 |   367 ||  1066
 Fire: Hunting sling     |       |       |       |    30 |   295 |    15 ||   340
Throw: Dart              |       |       |     1 |    19 |    38 |       ||    58
 Cast: Blink             |       |       |       |     1 |     4 |     1 ||     6
       Confusing Touch   |       |       |       |       |     9 |     1 ||    10
       Fulminant Prism   |       |       |       |       |    16 |     1 ||    17
       Manifold Assault  |       |       |       |       |       |     2 ||     2
Invok: Heroism           |       |       |       |     1 |     4 |     1 ||     6
       Duel              |       |       |       |       |     1 |       ||     1
Evoke: Wand              |       |       |     4 |     5 |     6 |     5 ||    20
  Use: Potion            |       |     2 |     3 |     4 |     6 |     1 ||    16
       Scroll            |       |       |    10 |     4 |    14 |     2 ||    30
 Stab: Sleeping          |     2 |       |     1 |     7 |    16 |     4 ||    30
       Petrified         |       |       |       |     2 |       |       ||     2
       Confused          |       |       |       |       |     5 |       ||     5
       Distracted        |       |       |       |       |     4 |     1 ||     5
Armor: Leather armour    |     5 |       |       |       |       |       ||     5
       Scale mail        |    10 |    41 |    78 |   391 |   830 |   161 ||  1511
       Acid dragon scale |       |       |       |    34 |       |       ||    34
Dodge: Dodged            |    25 |    48 |    94 |   567 |   819 |   179 ||  1732
Block: Buckler           |    13 |    27 |    49 |    91 |       |       ||   180
       Reflection        |       |       |       |    28 |    23 |    41 ||    92
       Kite shield       |       |       |       |   724 |  1839 |   408 ||  2971
